 Dungeon Crawl Stone Soup version 0.26-a0-771-g060e6a62af (webtiles) character file.

Game seed: 8757141079038547606

42 miscthings the Chopper (level 3, 0/33 HPs)
             Began as a Palentonga Delver on Nov 8, 2020.
             Slain by an orc
             ... wielding a +0 mace
              (5 damage)
             ... on level 5 of the Dungeon.
             The game lasted 00:00:48 (338 turns).

miscthings the Chopper (Palentonga Delver)           Turns: 338, Time: 00:00:49

Health: 0/33       AC:  4    Str: 16    XL:     3   Next: 35%
Magic:  3/3        EV:  9    Int: 10    God:
Gold:   31         SH:  0    Dex: 11    Spells: 2/2 levels left

rFire    . . .     SeeInvis +   a - +0 hand axe
rCold    . . .     Faith    .   (no shield)
rNeg     . . .     Spirit   .   b - +0 leather armour
rPois    .         Reflect  .   (no helmet)
rElec    .         Harm     .   (no cloak)
rCorr    .         Rampage  .   (no gloves)
MR       .....                  (no barding)
Stlth    ++........             (no amulet)
HPRegen  0.11/turn              (no ring)
MPRegen  0.08/turn              (no ring)

@: no status effects
A: large, rugged brown scales 3, see invisible, deformed body, roll, armoured
tail
a: Rolling Charge


You were on level 5 of the Dungeon.
You visited 1 branch of the dungeon, and saw 1 of its levels.

You collected 31 gold pieces.

Inventory:

Hand Weapons
 a - a +0 hand axe (weapon)
Armour
 b - a +0 leather armour (worn)
Wands
 g - a wand of digging (8)
Scrolls
 c - a scroll of fog
 d - a scroll of magic mapping
 e - 2 scrolls of fear
Potions
 f - a potion of haste
 h - a potion of curing {unknown}
 i - a potion of cancellation {unknown}


   Skills:
 - Level 3.0 Fighting
 + Level 3.8 Axes
 - Level 1.5 Dodging
 - Level 3.3 Stealth


You had 2 spell levels left.
You didn't know any spells.
Your spell library was empty.

Dungeon Overview and Level Annotations

Branches:
Dungeon (5/15)
 Temple: D:4-7

Altars:
Dithmenos
Hepliaklqana


Innate Abilities, Weirdness & Mutations

You are completely covered in rugged brown scales. (AC +3, +7% HP)
You have supernaturally acute eyesight. (SInv)
Armour fits poorly on your strangely shaped body.
You can roll at foes to attack.
You have a long armoured tail.


Message History

You hit the orc but do no damage.
The white imp hits you but does no damage.
The orc closely misses you.
You hit the white imp.
The white imp is heavily wounded.
You hit the orc but do no damage. The white imp hits you.
The white imp freezes you. The orc barely misses you.
You hit the white imp.
The white imp is almost dead.
You closely miss the orc. The white imp gestures at you.
The puff of frost hits you. The orc barely misses you.
You closely miss the white imp.
The white imp is almost dead.
You hit the orc. The white imp gestures at you. The puff of frost hits you!
* * * LOW HITPOINT WARNING * * *
The orc hits you with a +0 mace.
You die...

#.# #. ########.# #.
#######.....##.########.
........................
#...........##.########.
#...........##.# #.
#......#######.# #.
#.....5#######.########.
......o@........#....##.
....#.###########....##.
. # #.........)
#.######### #.# # #.# #
#.# # #.# # #.# #


You could see a white imp and an orc.

Vanquished Creatures
  A centaur skeleton (D:5)
  An adder (D:5)
  An orc (D:5)
  2 jackals (D:5)
5 creatures vanquished.

Notes
Turn   | Place    | Note
-------+----------+-------------------------------------------
     0 | D:5      | miscthings the Palentonga Delver began the quest for the
                  | Orb.
     0 | D:5      | Reached XP level 1. HP: 20/20 MP: 1/1
    56 | D:5      | Reached XP level 2. HP: 23/27 MP: 2/2
    56 | D:5      | Reached XP level 3. HP: 28/33 MP: 3/3
   132 | D:5      | Noticed a shadow
   133 | D:5      | Found a shadowy altar of Dithmenos.
   141 | D:5      | Found a hazy altar of Hepliaklqana.
   338 | D:5      | Slain by an orc

Illustrated notes

Levels and vault maps discovered:
D:5:      layout_basic, riverfiend_overflow_shadow_ancestor,
          lemuel_doored_altar, serial_shops, nicolae_shop_stone

Skill      XL: |  1 |
---------------+----+-----
Axes           | 3 |  3.8
Fighting       | |  3.0
Dodging        | |  1.5
Stealth        | |  3.3

Action                   || total
-------------------------++-------
Melee: Hand axe          ||    22
       Tailslap          ||     1
 Abil: Rolling Charge    ||     3
Armor: Leather armour    ||     7
Dodge: Dodged            ||    10

Table legend: (Time is in decaauts)
 A = Elapsed time spent in this place.
 B = Non-inter-level travel time spent in this place.
 C = Inter-level travel time spent in this place.
 D = Time resting spent in this place.
 E = Time spent auto-exploring this place.
 F = Levels seen in this place.
 G = Mean time per level.
                   A        B        C        D        E       F      G
               +--------+--------+--------+--------+--------+-----+--------+
         Total |    340 |    340 |      0 |    141 |    143 |   1 |  340.0 |
       Dungeon |    340 |    340 |      0 |    141 |    143 |   1 |  340.0 |
               +--------+--------+--------+--------+--------+-----+--------+

Top non-repeatable levels by time:
     D:5: 340 daAuts
